 Seeded DCSS version 0.29.1-12-g30fa7ad0bf (webtiles) character file.

Game seed: 18334199546629406935 (custom seed)

25 mathmaestro the Grave Robber (level 2, -8/20 HPs)
             Began as a Demonspawn Necromancer on Dec 16, 2022.
             Mangled by a gnoll
             ... wielding a +4 flail of protection
              (11 damage)
             ... on level 1 of the Dungeon.
             The game lasted 00:02:47 (1548 turns).

mathmaestro the Grave Robber (DsNe)                 Turns: 1548, Time: 00:02:48

Health: -8/20      AC: 10    Str: 14    XL:     2   Next: 82%
Magic:  3/5        EV:  6    Int: 16    God:
Gold:   23         SH:  0    Dex: 13    Spells: 4/5 levels left

rFire   . . .      SeeInvis .   l - +4 whip
rCold   . . .      Faith    .   (no shield)
rNeg    . . .      Spirit   .   h - +0 chain mail
rPois   .          Reflect  .   (no helmet)
rElec   .          Harm     .   (no cloak)
rCorr   .          Rampage  .   d - +0 pair of gloves
Will    .....                   (no boots)
Stlth   ..........              (no amulet)
HPRegen 0.06/turn               g - +6 ring of strength
MPRegen 0.09/turn               (no ring)

@: very slightly contaminated
A: rugged brown scales 1
a: no special abilities


You were on level 1 of the Dungeon.
You visited 1 branch of the dungeon, and saw 2 of its levels.

You collected 23 gold pieces.

Inventory:

Hand Weapons
 l - a +4 whip (weapon)
Armour
 d - a +0 pair of gloves (worn)
 h - a +0 chain mail (worn)
Jewellery
 g - a +6 ring of strength (left hand)
Scrolls
 a - 2 scrolls of teleportation {unknown}
 e - 2 scrolls of identify {unknown}
 f - a scroll of immolation {unknown}
 m - a scroll of magic mapping {unknown}
Potions
 b - a potion of magic
 c - a potion of curing {unknown}
 i - a potion of haste {unknown}
 j - 2 potions of might {unknown}
 k - a potion of attraction {unknown}


   Skills:
 + Level 0.8 Fighting
 + Level 0.7 Armour
 - Level 2.0 Dodging
 - Level 2.0 Stealth
 + Level 2.2 Spellcasting
 + Level 4.6 Necromancy


You had 4 spell levels left.
You knew the following spells:

 Your Spells              Type           Power      Damage    Failure   Level
a - Necrotise             Necr           64%        1d7       65%         1

Your spell library contained the following spells:

 Spells                   Type           Power      Damage    Failure   Level
 Vampiric Draining        Necr           16%        2d7       95%         3
 Slow                     Hex            4%         N/A       99%         1
 Confusing Touch          Hex            1%         N/A       100%        3
 Animate Dead             Necr           16%        N/A       100%        4
 Agony                    Necr           16%        N/A       100%        5


Dungeon Overview and Level Annotations

Branches:
Dungeon (2/15)

Altars:


Innate Abilities, Weirdness & Mutations

You are partially covered in rugged brown scales. (AC +1, +3% HP)


Message History

You see here a rat corpse.
There is a stone staircase leading down here.
You see here a rat skeleton.
You see here 8 stones.
There is a stone staircase leading up here.
The gnoll hits you with a +4 flail of protection.
You climb upwards.
There is a stone staircase leading down here.
Casting: Necrotise (safe; 65% risk of failure)
Confirm with . or Enter, or press ? or * to list all spells.
Aiming: Necrotise (safe; 65% risk of failure)
Press: ? - help, Shift-Dir - straight line, f - gnoll
Aim: a gnoll, wielding a +4 flail of protection (chance to affect: 80%)
The gnoll writhes in agony.
The gnoll closely misses you.
Casting: Necrotise (safe; 65% risk of failure)
Confirm with . or Enter, or press ? or * to list all spells.
Aiming: Necrotise (safe; 65% risk of failure)
Press: ? - help, Shift-Dir - straight line, f/p - gnoll
Aim: a gnoll, wielding a +4 flail of protection (heavily wounded, chance to affect: 80%)
You miscast Necrotise.
You are very lightly contaminated with residual magic.
Nothing appears to happen.
The gnoll hits you with a +4 flail of protection!
Ouch! That really hurt!
* * * LOW HITPOINT WARNING * * *
You hit the gnoll but do no damage.
The gnoll is heavily wounded.
The gnoll barely misses you.
Casting: Necrotise (safe; 65% risk of failure)
Confirm with . or Enter, or press ? or * to list all spells.
Okay, then.
You hit the gnoll.
The gnoll is heavily wounded.
The gnoll hits you with a +4 flail of protection.
* * * LOW HITPOINT WARNING * * *
You hit the gnoll but do no damage.
The gnoll is heavily wounded.
The gnoll hits you with a +4 flail of protection!
Ouch! That really hurt!
You die...

#.#.##.## #...####.####.####
#.#.##..## #...# #.# #......
#....#.#.######...# #.# #..###.
#.................# #.# #..# #.
##...#...######...####.###..# #.
##.###.## #..†....).....# #. #.#
#.# #.###.#####.#.# #> ####.#
#.#### #g# #.# #.#.# #.
.....###.##.####@###.#####.#.###.
.#.........#.##..............##.#
.#######..[##......#.#####.###.##
.# ##.#'###.....#.......##.##
.######.##.# ##.........######.##
.......###.###..##.#..#.# ##.#
##.###.#..<..#.....#..#.#### ##.
#.#######.#######.#.......# ##
#.+.............+.#^##.##.#


You could see a gnoll.

Vanquished Creatures
  3 endoplasms
  A giant cockroach (D:1)
  2 hobgoblins (D:1)
  A quokka (D:1)
  5 ball pythons
  3 bats (D:1)
  4 kobolds
  5 rats
24 creatures vanquished.

Notes
Turn   | Place    | Note
-------+----------+-------------------------------------------
     0 | D:1      | mathmaestro the Demonspawn Necromancer began the quest for
                  | the Orb.
     0 | D:1      | Reached XP level 1. HP: 13/13 MP: 3/3
   463 | D:1      | Gained mutation: You are partially covered in rugged brown
                  | scales. (AC +1, +3% HP) [demonic ancestry]
   463 | D:1      | Reached XP level 2. HP: 8/19 MP: 5/5
  1548 | D:1      | Mangled by a gnoll

Illustrated notes

Levels and vault maps discovered:
D:1:      shiori_shiawase, layout_loops_ring, st_stairs_7
D:2:      layout_basic, minmay_large_rounded_square

Skill      XL: |  1  2 |
---------------+-------+-----
Stealth        | 2 |  2.0
Dodging        | 2 |  2.0
Fighting       | |  0.8
Armour         | |  0.7
Spellcasting   | |  2.2
Necromancy     | |  4.6

Action                   || total
-------------------------++-------
Melee: Whip              ||    48
 Cast: Necrotise         ||     9
Armor: Chain mail        ||    26
       Robe              ||     2
Dodge: Dodged            ||    18
